 Dungeon Crawl Stone Soup version 0.21-a0-233-g0929f2e (webtiles) character file.

2208 aurelian the Basher (level 9, 0/74 HPs)
             Began as a Hill Orc Necromancer on Sept 1, 2017.
             Was an Initiate of Kikubaaqudgha.
             Slain by a hornet (14 damage)
             ... on level 7 of the Dungeon.
             The game lasted 00:30:01 (10417 turns).

aurelian the Basher (Hill Orc Necromancer)         Turns: 10417, Time: 00:30:02

Health: 0/74       AC:  3    Str: 14    XL:     9   Next: 34%
Magic:  11/13      EV: 13    Int: 21    God:    Kikubaaqudgha [......]
Gold:   427        SH:  0    Dex: 11    Spells: 2/14 levels left

rFire    + . .     SeeInvis .   a - +2 whip (venom)
rCold    + . .     Gourm    .   (no shield)
rNeg     . . .     Faith    .   G - +1 robe {rC+ rF+}
rPois    .         Spirit   .   (no helmet)
rElec    .         Reflect  .   (no cloak)
rCorr    .         Harm     .   (no gloves)
MR       .....                  (no boots)
Stlth    +++.......             (no amulet)
HPRegen  0.22/turn              I - ring of stealth
MPRegen  0.13/turn              w - +6 ring of intelligence

@: slowed, very slow
A: no striking features
a: Renounce Religion


You were on level 7 of the Dungeon.
You worshipped Kikubaaqudgha.
Kikubaaqudgha was noncommittal.
You were hungry.

You visited 2 branches of the dungeon, and saw 8 of its levels.

You collected 427 gold pieces.

Inventory:

Hand Weapons
 a - a +2 whip of venom (weapon)
 b - a +0 hunting sling
Missiles
 y - 322 stones
 C - 26 sling bullets
 H - 3 poisoned tomahawks (quivered)
Armour
 f - a +0 ring mail
 s - a +0 chain mail
 A - a +0 chain mail
 E - a +0 robe
 G - a +1 robe of resistance (worn)
Jewellery
 j - an uncursed ring of fire
 o - a +1 ring of evasion
 q - an uncursed ring of resist corrosion
 t - an uncursed ring of positive energy
 w - a +6 ring of intelligence (right hand)
 x - an uncursed ring of protection from fire
 I - a ring of stealth (left hand)
Wands
 u - a wand of acid (5/15)
 z - a wand of confusion (30/48)
 D - a wand of lightning (7/15)
Scrolls
 d - a scroll of fear
 h - 3 scrolls of teleportation
 i - 2 scrolls of identify
 l - 2 scrolls of blinking
 r - 5 scrolls of remove curse
 F - a scroll of recharging
 J - 2 scrolls of amnesia
Potions
 e - 2 potions of heal wounds
 g - 2 potions of lignification
 m - a potion of agility
 n - 2 potions of might
 v - a potion of curing
 B - a potion of invisibility
Books
 k - a book of Necromancy

   Spells                             Type                      Level
   a - Pain                           Necromancy                   1
   b - Animate Skeleton               Necromancy                   1
   c - Vampiric Draining              Necromancy                   3
   d - Regeneration                   Charms/Necromancy            3
   e - Animate Dead                   Necromancy                   4
   f - Control Undead                 Necromancy                   4
Comestibles
 c - 6 bread rations
 p - 5 meat rations


   Skills:
 - Level 5.0 Fighting
 + Level 9.1 Maces & Flails
 + Level 4.3 Dodging
 - Level 1.5 Stealth
 + Level 3.2 Spellcasting
 - Level 1.3 Charms
 + Level 5.4 Necromancy


You had 2 spell levels left.
You knew the following spells:

 Your Spells              Type           Power        Failure   Level  Hunger
a - Pain                  Necr           ####         1%          1    None
b - Vampiric Draining     Necr           ####......   4%          3    ###....
c - Regeneration          Chrm/Necr      ###.......   10%         3    ###....
d - Control Undead        Necr           ####......   14%         4    ####...
z - Animate Skeleton      Necr           N/A          1%          1    None


Dungeon Overview and Level Annotations

Branches:
Dungeon (7/15)             Temple (1/1) D:7

Altars:
Cheibriados
Dithmenos
Gozag
Kikubaaqudgha
Qazlal
Sif Muna
Trog
Uskayaw
Vehumet
Yredelemnul
The Shining One

Annotations:
D:4 Menkaure


Message History

The dead are walking!
You feel very sick. The hornet stings you.
You feel as though you will be slow longer.
The hornet stings you.
* * * LOW HITPOINT WARNING * * *
You are lethally poisoned!
You feel as though you will be slow longer.
Things that are here:
4 chunks of flesh; 14 gold pieces
* * * LOW HITPOINT WARNING * * *
You feel very sick. The hornet barely misses you.
Unknown command.
You feel better. The hornet stings you!
* * * LOW HITPOINT WARNING * * *
You feel as though you will be slow longer.
The hornet barely misses you. The hornet stings you!
You die...
Kikubaaqudgha rasps: "You have failed me!
Welcome... death!"

# ...... ########## .....
##.......# ..(.
##.......# ... .........#
.. .........# .########
.........# #........
.........#.######y.......
.........#......@Z.#.....
.........#######.........
.............#.#.....##.#
...#########.#.#.....##.#
...## #.#.......##.#
....# #.#.#........#
....# #.#......#...#
....# #.#####..#.#.# ###
....# #...# #..#...###<#


You could see a hornet and a friendly orc priest skeleton.

Vanquished Creatures
  The ghost of gg19 the Spear-Bearer, a novice MfSk (D:6)
  A hungry ghost (D:7)
  Edmund (D:5)
  A water moccasin (D:6)
  An orc warrior (D:6)
  A black bear (D:7)
  2 centaurs
  Blork the orc (D:4)
  A big kobold (D:7)
  2 bullfrogs (D:7)
  A scorpion (D:7)
  A water moccasin skeleton (D:4)
  A howler monkey (D:7)
  A bullfrog zombie (D:6)
  2 crimson imps
  4 orc priests
  2 centaur skeletons
  5 iguanas
  2 orc wizards
  5 worker ants
  2 hound skeletons (D:4)
  3 gnolls (D:6)
  11 adders
  A shadow imp (D:6)
  An adder zombie (D:6)
  2 adder skeletons
  A worm (D:3)
  A dart slug (D:3)
  6 leopard geckos
  19 orcs
  3 giant cockroaches
  7 goblins
  9 hobgoblins
  4 jackals (D:1)
  A quokka (D:7)
  A ball python (D:4)
  9 bats
  6 frilled lizards
  A giant cockroach zombie (D:5)
  11 kobolds
  A quokka skeleton (D:6)
  A quokka zombie (D:6)
  4 rats
141 creatures vanquished.

Vanquished Creatures (collateral kills)
  A hound (D:6)
  An adder skeleton (D:7)
  An orc (D:7)
  A butterfly (D:7)
4 creatures vanquished.

Grand Total: 145 creatures vanquished

Notes
Turn   | Place    | Note
-------+----------+-------------------------------------------
     0 | D:1      | aurelian the Hill Orc Necromancer began the quest for the Orb.
     0 | D:1      | Reached XP level 1. HP: 14/14 MP: 3/3
    96 | D:1      | Reached skill level 1 in Fighting
   320 | D:1      | Reached XP level 2. HP: 23/24 MP: 2/4
   802 | D:1      | Reached XP level 3. HP: 26/31 MP: 2/5
  2045 | D:2      | Reached XP level 4. HP: 28/40 MP: 1/6
  2343 | D:3      | Reached skill level 5 in Fighting
  3003 | D:3      | Reached skill level 1 in Maces & Flails
  3003 | D:3      | Reached XP level 5. HP: 11/48 MP: 1/7
  3126 | D:3      | Reached skill level 2 in Maces & Flails
  3905 | D:3      | Reached skill level 3 in Maces & Flails
  4500 | D:4      | Reached skill level 4 in Maces & Flails
  4500 | D:4      | Reached XP level 6. HP: 40/56 MP: 8/8
  4613 | D:4      | Noticed Menkaure
  4707 | D:4      | Found a deep blue altar of Sif Muna.
  4983 | D:4      | Reached skill level 5 in Maces & Flails
  5430 | D:4      | Noticed Blork the orc
  5451 | D:4      | Killed Blork the orc
  5451 | D:4      | Reached skill level 6 in Maces & Flails
  5451 | D:4      | Reached XP level 7. HP: 41/61 MP: 9/9
  5717 | D:5      | Entered Level 5 of the Dungeon
  5830 | D:4      | Learned a level 3 spell: Vampiric Draining
  5830 | D:4      | Upgraded the game from 0.21-a0-229-g3587535 to 0.21-a0-233-g0929f2e
  5832 | D:4      | Learned a level 1 spell: Animate Skeleton
  5836 | D:4      | Learned a level 3 spell: Regeneration
  5985 | D:5      | Noticed Edmund
  5999 | D:5      | Killed Edmund
  6454 | D:5      | Found a glowing golden altar of the Shining One.
  6511 | D:5      | Reached skill level 7 in Maces & Flails
  7050 | D:6      | Found a bloodstained altar of Trog.
  7413 | D:6      | Reached XP level 8. HP: 62/68 MP: 5/10
  7777 | D:6      | Noticed gg19's ghost (novice MfSk)
  7790 | D:6      | Reached skill level 8 in Maces & Flails
  8251 | D:6      | Killed gg19's ghost
  9546 | D:7      | Reached skill level 5 in Necromancy
  9584 | D:7      | Reached XP level 9. HP: 65/74 MP: 10/13
  9784 | D:7      | Reached skill level 1 in Charms
  9797 | D:7      | Reached skill level 9 in Maces & Flails
  9926 | D:7      | Found a staircase to the Ecumenical Temple.
  9937 | Temple   | Entered the Ecumenical Temple
 10006 | Temple   | Became a worshipper of Kikubaaqudgha
 10062 | D:7      | Learned a level 4 spell: Control Undead
 10410 | D:7      | Noticed a hornet
 10417 | D:7      | Slain by a hornet

Vault maps used:
D:1:      lightli_arrival_boilingwater
D:2:      kennysheep_cross_bottleneck
D:4:      old_standard_altar, first_bread, uniq_blork_the_orc, uniq_menkaure
D:5:      tso_altar, uniq_edmund
D:6:      kennysheep_little_box
D:7:      minmay_temple_entry_butterflies
Temple:   dpeg_five_rooms_temple

Skill      XL: |  1  2  3  4  5  6  7  8  9 |
---------------+----------------------------+-----
Fighting       | 1 3 4 5 |  5.0
Maces & Flails | 1 4 6 7 8 9 |  9.1
Dodging        | 2 3 4 |  4.3
Spellcasting   | 2 3 |  3.2
Necromancy     | 5 |  5.4
Charms         | 1 |  1.3
Stealth        | |  1.5

Action                   |  1- 3 |  4- 6 |  7- 9 || total
-------------------------+-------+-------+-------++-------
Melee: Club              |    17 |       |       ||    17
       Whip              |    15 |    78 |   266 ||   359
       Mace              |       |    54 |       ||    54
Throw: Stone             |       |     1 |     2 ||     3
       Tomahawk          |       |     3 |    17 ||    20
 Cast: Pain              |    64 |    82 |    43 ||   189
       Animate Skeleton  |       |       |    14 ||    14
Evoke: Wand              |       |       |     3 ||     3
  Use: Potion            |       |     5 |     3 ||     8
       Scroll            |       |     7 |    12 ||    19
 Stab: Sleeping          |       |     1 |     1 ||     2
       Distracted        |       |       |     1 ||     1
  Eat: Chunk             |     5 |    13 |    10 ||    28
       Royal jelly       |       |       |     1 ||     1
       Bread ration      |       |       |     1 ||     1
Armor: Robe              |    12 |    13 |    23 ||    48
Dodge: Dodged            |    26 |    69 |   133 ||   228

Table legend:
 A = Spawn XP
 B = Non-spawn XP
 C = Spawn XP percentage of total XP
 D = Spawn monster count
 E = Non-spawn monster count
 F = Spawn count percentage of total count
 G = Total turns spent on level
                    A         B        C        D         E        F      G
               +---------+---------+-------+---------+---------+-------+---------
         Total |     505 |    2650 |  16.0 |      29 |     115 |  20.1 | 10417
               +---------+---------+-------+---------+---------+-------+---------
           D:1 |       5 |      36 |  12.2 |       3 |      23 |  11.5 |  1132
           D:2 |      11 |      37 |  22.9 |       6 |       9 |  40.0 |  1493
           D:3 |      13 |     203 |   6.0 |       6 |      24 |  20.0 |  2020
           D:4 |      55 |     372 |  12.9 |       4 |      14 |  22.2 |  1415
           D:5 |      98 |     302 |  24.5 |       4 |       4 |  50.0 |  1302
           D:6 |     208 |     849 |  19.7 |       5 |      17 |  22.7 |  2023
           D:7 |     115 |     851 |  11.9 |       1 |      24 |   4.0 |   913
               +---------+---------+-------+---------+---------+-------+---------
